AoeStats
← MkobeW

Arena

510171199Analyzed
2v2 RM · 1d ago on Sep 29, 2026· 60m 25s· 4 players
Game mode
Random Map
Map size
Medium (4 player)
Population
200
Speed
Normal
Resources
Standard
Victory
Conquest
Starting age
Dark Age
Ending age
Imperial Age
RankedLock teamsTeams togetherTeam positionsShared explorationLock speedFull tech treeHidden civsTurbo modeCheats
Victory
Defeat
🇧🇷 Turks · Brazil
1042
+18
🇺🇸 Portuguese · United States
1000
+59
🇮🇳 Aztecs · India
1120
-20
🇳🇱 Saracens · Netherlands
1035
-17
MkobeW
9:49 Feudal Age
13:45 Castle Age
13:06 Loom
13:26 Double-Bit Axe
24:52 Fletching
25:53 Bodkin Arrow
29:38 Imperial Age
28:38 Bow Saw
30:35 Bracer
52:19 Chemistry
52:26 Wheelbarrow
52:15 Padded Archer Armor
53:21 Hand Cart
53:24 Leather Archer Armor
53:44 Ballistics
53:51 Thumb Ring
53:45 Elite Skirmisher
54:55 Scale Barding Armor
55:00 Forging
55:50 Chain Barding Armor
55:58 Bloodlines
55:38 Light Cavalry
56:59 Plate Barding Armor
57:43 Forging
59:07 Husbandry
59:45 Iron Casting
61:20 Conscription
Acey
11:52 Feudal Age
16:23 Castle Age
14:44 Double-Bit Axe
14:39 Horse Collar
14:56 Horse Collar
21:49 Padded Archer Armor
22:23 Crossbowman
26:23 Fletching
28:58 Bow Saw
29:13 Heavy Plow
30:01 Bodkin Arrow
30:50 Wheelbarrow
32:19 Bodkin Arrow
36:27 Imperial Age
34:11 Gold Mining
34:39 Leather Archer Armor
34:53 Masonry
35:59 Ballistics
38:23 Bracer
39:24 Thumb Ring
40:55 Ring Archer Armor
44:23 Hand Cart
43:58 Town Watch
43:59 Loom
50:47 Bloodlines
50:38 Husbandry
50:44 Scale Barding Armor
50:51 Forging
52:01 Architecture
52:25 Chain Barding Armor
54:12 Plate Barding Armor
57:09 Iron Casting
59:56 Conscription
60:03 Conscription
TheePori.*.*
10:47 Feudal Age
14:56 Castle Age
12:43 Double-Bit Axe
12:57 Horse Collar
15:54 Loom
17:52 Bow Saw
25:53 Wheelbarrow
31:10 Gold Mining
38:06 Imperial Age
35:21 Town Watch
35:56 Stone Mining
36:10 Elite Skirmisher
38:13 Fletching
38:25 Padded Archer Armor
38:51 Eagle Warrior
40:41 Leather Archer Armor
48:55 Bodkin Arrow
48:29 Elite Eagle Warrior
49:09 Squires
48:55 Arson
48:56 Gambesons
49:23 Forging
49:14 Scale Mail Armor
49:46 Bracer
57:29 Stone Shaft Mining
57:29 Gold Shaft Mining
57:03 Heavy Plow
57:06 Pikeman
61:20 Iron Casting
brandbaria
10:42 Feudal Age
14:48 Castle Age
14:31 Loom
14:40 Double-Bit Axe
14:38 Horse Collar
21:29 Forging
23:21 Gold Mining
31:58 Imperial Age
30:47 Scale Barding Armor
31:18 Iron Casting
32:18 Chain Barding Armor
34:11 Wheelbarrow
33:18 Elite Mameluke
35:17 Bimaristan
36:37 Conscription
40:42 Blast Furnace
39:55 Bloodlines
39:45 Husbandry
47:23 Elite Skirmisher
48:08 Thumb Ring
48:47 Fletching
48:57 Padded Archer Armor
50:59 Bow Saw
52:52 Chemistry
58:45 Bodkin Arrow
59:06 Leather Archer Armor
Connection lost

Rejoining the realm…

Still unreachable

The connection could not be restored.

Session expired

The server has moved on; the page needs a fresh start.